 Dungeon Crawl Stone Soup version 0.31.0-4-g52a2dc7128 (console) character file.

Game seed: 9038000449316353918

630 jejorda2 the Changeling (level 7, -3/74 HPs)
             Began as a Yellow Draconian Berserker on Jan 22, 2024.
             Was a Believer of Trog.
             Killed by divine providence
             ... invoked by an orc priest
              (13 damage)
             ... on level 4 of the Dungeon.
             The game lasted 00:08:38 (4349 turns).

jejorda2 the Changeling (DrBe)                      Turns: 4349, Time: 00:08:41

Health: -3/74      AC:  7    Str: 27    XL:     7   Next: 24%
Magic:  7/7        EV: 16    Int:  8    God:    Trog [**....]
Gold:   55         SH:  0    Dex: 10    Spells: 6/6 levels left

rFire   . .          .
                       - Unarmed
rCold   . . .        (shield currently unavailable)
rNeg    . . .        (body armour unavailable)
rPois   .            (helmet restricted)
rElec   .            (no cloak)
rCorr   +            p - +0 pair of gloves
SInv    .            (no boots)
Will    ++...        (no amulet) Stlth
                     l - +6 ring of strength
HPRegen 1.32/turn    (no ring)
MPRegen 0.10/turn

%: no passive effects
@: berserking, flux-form, strong-willed, regenerating, glowing, very quick
A: glow, contaminating, reduced hp, spit acid, AC +6, unfitting armour,
cold-blooded, acid resistance
a: Breathe Acid, Begin Untransformation, Renounce Religion, Berserk, Trog's Hand


You were on level 4 of the Dungeon.
You worshipped Trog.
Trog was pleased with you.
You were something dangerously unstable.
You visited 1 branch of the dungeon, and saw 4 of its levels.

You collected 161 gold pieces.
You spent 106 gold pieces at shops.

Inventory:

Hand Weapons
 w - a +2 heavy dire flail
Missiles
 i - 8 javelins (quivered)
 k - 3 poisoned darts
Armour
 p - a +0 pair of gloves (worn)
Jewellery
 l - a +6 ring of strength (left hand)
Talismans
 v - a flux talisman (active)
Wands
 m - a wand of charming (9)
 r - a wand of flame (21)
 s - a wand of roots (5)
Scrolls
 a - a scroll of poison {unknown}
 b - a scroll of fear {unknown}
 d - 3 scrolls of amnesia {unknown}
 f - 2 scrolls of enchant weapon {unknown}
 g - 2 scrolls of immolation {unknown}
 h - 3 scrolls of identify {unknown}
 o - a scroll of blinking {unknown}
 q - a scroll of enchant armour {unknown}
 t - a scroll of noise {unknown}
 u - 2 scrolls of fog {unknown}
Potions
 c - 4 potions of curing {unknown}
 e - a potion of ambrosia {unknown}
 j - 2 potions of attraction {unknown}
 n - 2 potions of degeneration {unknown}
 x - a potion of resistance {unknown}


   Skills:
 - Level 3.2 Fighting
 - Level 2.6 Dodging
 + Level 5.4 Unarmed Combat
 * Level 5.7 Shapeshifting


You had 6 spell levels left.
You didn't know any spells.
Your spell library was empty.

Dungeon Overview and Level Annotations

Branches:
Dungeon (4/15)
 Temple: D:4-7

Altars:
Sif Muna
Uskayaw
Vehumet
Xom

Shops:
D:4 (****

Annotations:
D:3 exclusion: 2 doors


Innate Abilities, Weirdness & Mutations

You are something dangerously unstable.
You glow with magical radiation, making you easy to see and hit.
Foes you strike become dangerously contaminated with magical radiation.
Your maximum health is decreased, since you lack skill for your form.
You are incapable of wielding weapons or throwing items.
You can spit globs of acid.
Your golden yellow scales are hard. (AC +6)
You cannot fit into any form of body armour.
You are cold-blooded and may be slowed by cold attacks.
You are resistant to acid. (rCorr)


Message History

The orc priest looks braver for a moment.
The kobold throws a stone.
The stone closely misses you.
The orc priest invokes the aid of Beogh against you.
Beogh smites you! The kobold hits you with a +0 club.
You hit the kobold.
You kill the kobold!
Trog accepts your kill.
You punch the orc wizard!
The orc wizard begins to glow.
Your tail-slap misses the orc wizard.
The orc wizard is heavily wounded.
The orc priest calls down the wrath of Beogh upon you.
Beogh smites you!
* * * LOW HITPOINT WARNING * * *
The orc wizard misses you.
The orc hits you from afar with a +0 trident!
* * * LOW HITPOINT WARNING * * *
Your skin crawls.
You feel strong-willed. The orc wizard barely misses you.
The orc closely misses you.
Unknown command.
Unknown command.
A red film seems to cover your vision as you go berserk!
You feel yourself moving faster!
You feel mighty!
You can no longer call upon Trog for regeneration and willpower.
The orc wizard hits you but does no damage.
The orc misses you.
You punch the orc wizard!
You kill the orc wizard!
Trog accepts your kill.
Trog appreciates your killing of a magic user.
The orc priest miscasts a cantrip.
The orc barely misses you.
Items here: ( )) [ †.
You punch the orc!
You kill the orc!
Trog accepts your kill.
You can now call upon Trog for regeneration and willpower.
The orc priest mumbles some strange prayers to Beogh against you.
Beogh smites you!
You die... ##########..## ..##.......## #....# .....####### #....# ..#### #....# ..# #....# ..# #.... ..# oo.

..# #### #)# ###
#..# #p# .#####.##
#.#
....#..#########.#
###.......#......##
#.......[........##
##.###.♣.♣.♣.♣.[...#
...# #....⌠........#
#### #.♣.♣.♣.♣.....#
#..⌠.∩(⌠......#


You could see 2 orc priests.

Vanquished Creatures
  Edmund (D:4)
  2 ogres (D:4)
  An orc priest (D:4)
  A sleepcap (D:4)
  Natasha (thrice) (D:3)
  2 orc wizards (D:4)
  Ijyb (D:3)
  Robin (D:4)
  6 adders
  4 dart slugs
  2 ribbon worms (D:2)
  6 orcs
  3 bats
  3 endoplasms
  2 giant cockroaches
  14 goblins
  3 hobgoblins
  2 quokkas
  6 ball pythons
  7 frilled lizards
  5 kobolds
  4 rats
79 creatures vanquished.

Notes
Turn   | Place    | Note
-------+----------+-------------------------------------------
     0 | D:1      | jejorda2 the Draconian Berserker began the quest for the
                  | Orb.
     0 | D:1      | Reached XP level 1. HP: 19/19 MP: 1/1
    98 | D:1      | Reached skill level 1 in Shapeshifting
   150 | D:1      | Reached XP level 2. HP: 18/26 MP: 2/2
   714 | D:2      | Found a shimmering altar of Xom.
   853 | D:2      | Reached XP level 3. HP: 31/31 MP: 3/3
   903 | D:2      | You fall into a shaft and drop 1 floor!
  1076 | D:2      | Reached ** piety under Trog
  1125 | D:2      | Reached XP level 4. HP: 32/38 MP: 4/4
  1549 | D:3      | Noticed Natasha
  1556 | D:3      | Killed Natasha
  1694 | D:3      | Found a faded altar of an unknown god.
  1694 | D:3      | Noticed an Ice Fiend
  1881 | D:3      | Found a shimmering blue altar of Sif Muna.
  1911 | D:3      | Found a hide-covered altar of Uskayaw.
  2209 | D:3      | Noticed Natasha
  2220 | D:3      | Killed Natasha
  2221 | D:3      | Reached XP level 5. HP: 30/45 MP: 5/5
  2659 | D:3      | Found a shimmering blue altar of Sif Muna.
  2689 | D:3      | Found a hide-covered altar of Uskayaw.
  3027 | D:3      | Found a hide-covered altar of Uskayaw.
  3076 | D:3      | Found a shimmering blue altar of Sif Muna.
  3415 | D:3      | Noticed Natasha
  3429 | D:3      | Killed Natasha
  3441 | D:4      | Noticed Ijyb
  3443 | D:4      | Noticed an ogre
  3452 | D:3      | Killed Ijyb
  3578 | D:4      | Noticed Robin
  3594 | D:4      | Killed Robin
  3625 | D:4      | Found Ato Huba's General Store.
  3633 | D:4      | Noticed an ogre
  3640 | D:4      | Killed an ogre
  3641 | D:4      | Reached XP level 6. HP: 27/51 MP: 6/6
  3776 | D:4      | Found a radiant altar of Vehumet.
  3788 | D:4      | Reached skill level 5 in Shapeshifting
  3961 | D:4      | Reached skill level 5 in Unarmed Combat
  4123 | D:4      | Found Viefur's Assorted Antiques.
  4125 | D:4      | Noticed Edmund
  4134 | D:4      | Killed Edmund
  4135 | D:4      | Your scales start taking on a golden yellow colour.
  4135 | D:4      | Reached XP level 7. HP: 47/57 MP: 7/7
  4135 | D:4      | Gained mutation: You are resistant to acid. (rCorr) [Yellow
                  | Draconian growth]
  4171 | D:4      | Bought a scroll labelled GEMETU SINNAT for 28 gold pieces
  4171 | D:4      | Bought a scroll labelled BIOM DAIDGHEUS for 28 gold pieces
  4171 | D:4      | Bought a puce potion for 25 gold pieces
  4171 | D:4      | Bought a lumpy brown potion for 25 gold pieces
  4174 | D:4      | Found Xykov's Assorted Antiques.
  4229 | D:4      | Found Ithriwn's Assorted Antiques.
  4241 | D:4      | Found Zirypeux's Antique Weapon Boutique.
  4349 | D:4      | Killed from afar by an orc priest

Illustrated notes

Levels and vault maps discovered:
D:1:      dpeg_arrival_orchard, layout_loops_ring
D:2:      layout_basic, basic_altar, solitary_fountain
D:3:      layout_basic, nicolae_uskayaw_murder_on_the_dancefloor, led_sif_book,
          dreamdust_ecumenical_altar_sealed_demon, feat_on_display, uniq_natasha
D:4:      layout_rooms, mainiacjoe_overflow_six_doors_small, serial_shops,
          nicolae_shop_waterfront, shop_statue, nicolae_shop_tiny_glass, shop,
          minmay_shop_grid_forest, uniq_edmund, uniq_ijyb, uniq_robin

Skill      XL: |  1  2  3  4  5  6 |
---------------+-------------------+-----
Shapeshifting  | 1 2 3 4 5 |  5.7
Unarmed Combat | 4 5 |  5.4
Fighting       | |  3.2
Dodging        | |  2.6

Action                     |  1- 3 |  4- 6 |  7- 9 || total
---------------------------+-------+-------+-------++-------
  Melee: Unarmed           |    98 |   129 |    17 ||   244
         Tailslap          |    10 |    16 |     1 ||    27
         Punch             |     1 |       |       ||     1
 Invoke: Berserk           |       |     6 |     1 ||     7
         Trog's Hand       |       |     1 |     1 ||     2
 Armour: Skin              |    42 |    67 |     6 ||   115
  Dodge: Dodged            |    41 |    70 |    14 ||   125
   Form: Flux              |       |     1 |       ||     1
